 Dungeon Crawl Stone Soup version 0.19.1 (webtiles) character file.

832 CanadianGator the Skirmisher (level 7, -1/62 HPs)
             Began as a Hill Orc Abyssal Knight on Nov 29, 2016.
             Was a Priest of Lugonu.
             Blown up by Pikel (14 damage)
             ... with a wand of disintegration
             ... on level 5 of the Dungeon.
             The game lasted 00:11:09 (4227 turns).

CanadianGator the Skirmisher (HOAK)                 Turns: 4227, Time: 00:11:10

Health: -1/62      AC: 13    Str: 17    XL:     7   Next: 98%
Magic:  10/11      EV:  6    Int: 12    God:    Lugonu [***...]
Gold:   128        SH:  0    Dex: 12    Spells: 0 memorised, 6 levels left

rFire  . . .     SeeInvis .     a - +1 hand axe
rCold  . . .     Gourm    .     p - +0 plate armour
rNeg   . . .     Faith    .     (no shield)
rPois  .         Spirit   .     (no helmet)
rElec  .         Reflect  .     C - +0 cloak {+Inv}
rCorr  .         Harm     .     (no gloves)
MR     .....                    (no boots)
Stlth  ..........               (no amulet)
                                v - +2 ring of dexterity
                                i - ring of stealth

@: flying
A: no striking features
a: Depart the Abyss, Bend Space, Banish, Renounce Religion, Evoke Invisibility


You were on level 5 of the Dungeon.
You worshipped Lugonu.
Lugonu was most pleased with you.
You were very hungry.

You visited 1 branch of the dungeon, and saw 5 of its levels.
You visited the Abyss 1 time.

You collected 128 gold pieces.

Inventory:

Hand Weapons
 a - a +1 hand axe (weapon)
 j - a +0 mace of protection
Armour
 p - a +0 plate armour (worn)
 C - a +0 cloak of invisibility (worn)
Jewellery
 i - a ring of stealth (left hand)
 v - a +2 ring of dexterity (right hand)
Wands
 b - a wand of polymorph (14/24)
 d - a wand of acid (2/15)
 B - a wand of lightning (10/15)
Scrolls
 h - a scroll of blinking {unknown}
 k - 3 scrolls of remove curse {unknown}
 l - 3 scrolls of identify {unknown}
 m - a scroll of teleportation {unknown}
 n - 2 scrolls of magic mapping
 o - a scroll of recharging {unknown}
 r - 3 scrolls of enchant armour {unknown}
 t - a scroll of fear {unknown}
 u - 2 scrolls of enchant weapon {unknown}
 y - 2 scrolls of noise {unknown}
Potions
 e - a potion of flight
 q - a potion of might {unknown}
 w - a potion of berserk rage {unknown}
 D - a potion of haste {unknown}
Comestibles
 c - 4 bread rations
 f - 7 fruits
 s - 2 slices of pizza
 x - a royal jelly
 A - a beef jerky


   Skills:
 + Level 5.8 Fighting
 + Level 5.4 Axes
 + Level 4.7 Armour
 + Level 3.1 Dodging
 + Level 5.5 Invocations
 + Level 1.1 Evocations


You had 6 spell levels left.
You didn't know any spells.

Dungeon Overview and Level Annotations

Branches:
Dungeon (5/15)
 Temple: D:4-7

Altars:
Makhleb
Xom
Zin

Annotations:
D:5 Pikel


Message History

Pikel is moderately wounded.
Pikel zaps a wand.
You are blasted!
* * * LOW HITPOINT WARNING * * *
You are too injured to fight recklessly!
You are too injured to fight recklessly!
Okay, then.
You feel better. Pikel hits you with a whip of freezing.
* * * LOW HITPOINT WARNING * * *
Pikel freezes you.
* * * LOW HITPOINT WARNING * * *
It was a potion of flight.
You feel very buoyant.
You fly up into the air.
Pikel hits you but does no damage.
Okay, then.
Space bends around you!
You blink.
* * * LOW HITPOINT WARNING * * *
You feel better.
Pikel zaps a wand.
You are blasted!
* * * LOW HITPOINT WARNING * * *
You feel better.
Pikel zaps a wand.
You are blasted!
You die...

.# #.#
#.........##.# .#
#.# ##.......###.#
.# #.#
####........# .#
#.# #.....##### .#
#.# ##...## .# #.#
#...# .# #.# #..##
.# #.# #..#
.#####.###### #.@#
............###..#
######.####.....K#
# #.# #####p## #
#.# #.# # ... #p#
. ... #p# .<.# #.#
#.# #.#


You could see Pikel and 3 slaves.

Vanquished Creatures
  A phantom (D:5)
  The ghost of CanadianGator the Skirmisher, an amateur HOAK of Lugonu (D:3)
  A slave (D:5)
  2 ogres (D:4)
  A scorpion (D:5)
  A hound (D:3)
  An orc priest (D:3)
  A centaur skeleton (D:4)
  4 orc wizards
  2 worker ants
  6 adders
  A white imp (Abyss:1)
  4 worms
  7 leopard geckos
  20 orcs
  5 ball pythons
  8 bats
  3 giant cockroaches
  9 goblins
  13 hobgoblins
  9 jackals
  2 quokkas
  2 frilled lizards
  5 kobolds
  A quokka zombie (D:5)
  4 rats
114 creatures vanquished.

Notes
Turn   | Place    | Note
-------+----------+-------------------------------------------
     0 | Abyss:1  | CanadianGator the Hill Orc Abyssal Knight began the quest for the Orb.
     0 | Abyss:1  | Reached XP level 1. HP: 19/19 MP: 2/2
    35 | Abyss:1  | Found a corrupted altar of Lugonu.
    43 | Abyss:1  | Found a corrupted altar of Lugonu.
    70 | Abyss:1  | Found a corrupted altar of Lugonu.
    80 | Abyss:1  | Noticed a chaos spawn
   150 | Abyss:1  | Noticed a large abomination
   184 | Abyss:1  | Reached skill level 1 in Dodging
   184 | Abyss:1  | Reached XP level 2. HP: 7/27 MP: 3/3
   215 | Abyss:1  | Noticed a small abomination
   221 | D:1      | Escaped the Abyss
   466 | D:1      | Reached * piety under Lugonu
   774 | D:1      | Reached XP level 3. HP: 25/33 MP: 5/5
  1230 | D:2      | Reached XP level 4. HP: 28/40 MP: 6/6
  1434 | D:2      | HP: 1/40 [worm (7)]
  1693 | D:2      | Reached ** piety under Lugonu
  1750 | D:3      | Noticed CanadianGator's ghost (amateur HOAK)
  1779 | D:3      | Killed CanadianGator's ghost
  1779 | D:3      | Reached XP level 5. HP: 9/47 MP: 7/7
  2015 | D:3      | Reached XP level 6. HP: 14/53 MP: 7/9
  2750 | D:3      | Found a burning altar of Makhleb.
  2816 | D:4      | Reached skill level 5 in Fighting
  2995 | D:4      | Reached XP level 7. HP: 58/61 MP: 10/10
  3077 | D:4      | Reached skill level 5 in Invocations
  3275 | D:4      | Reached skill level 5 in Axes
  3549 | D:4      | Reached *** piety under Lugonu
  3964 | D:5      | Entered Level 5 of the Dungeon
  4118 | D:5      | Noticed an angel
  4119 | D:5      | Found a glowing silver altar of Zin.
  4148 | D:5      | Found a shimmering altar of Xom.
  4191 | D:5      | Reached skill level 1 in Evocations
  4196 | D:5      | Noticed Pikel
  4227 | D:5      | Blown up by Pikel

Skill      XL: |  1  2  3  4  5  6  7 |
---------------+----------------------+-----
Dodging        | 1 2 3 |  3.1
Axes           | 3 4 5 |  5.4
Invocations    | 3 4 5 |  5.5
Fighting       | 4 5 |  5.8
Armour         | 3 4 |  4.7
Evocations     | 1 |  1.1

Action                   |  1- 3 |  4- 6 |  7- 9 || total
-------------------------+-------+-------+-------++-------
Melee: Hand axe          |   120 |   204 |   211 ||   535
Invok: Depart the Abyss  |     1 |       |       ||     1
       Bend Space        |       |       |     1 ||     1
  Use: Potion            |       |     3 |     7 ||    10
       Scroll            |       |     1 |       ||     1
 Stab: Sleeping          |     1 |       |       ||     1
  Eat: Chunk             |       |     5 |     1 ||     6
       Bread ration      |       |     1 |       ||     1
Armor: Ring mail         |    35 |       |       ||    35
       Plate armour      |    27 |   166 |   126 ||   319
       Scale mail        |     2 |       |       ||     2
Dodge: Dodged            |    60 |    58 |    52 ||   170
